 Dungeon Crawl Stone Soup version 0.13.0-26-gf7ffa3a (webtiles) character file.

189 M4edhros the Sneak (level 5, -5/34 HPs)
             Began as an Octopode Artificer on Nov 2, 2013.
             Slain by Grinder (10 damage)
             ... on Level 4 of the Dungeon.
             The game lasted 00:02:02 (1221 turns).

M4edhros the Sneak (Octopode Artificer)             Turns: 1221, Time: 00:02:02

HP  -5/34        AC  1     Str 11      XL: 5   Next: 33%
MP   7/7         EV 12     Int 15      God:
Gold 38          SH  0     Dex 12      Spells:  0 memorised,  4 levels left

Res.Fire  : . . .   See Invis. : .   h - +2,+4 whip
Res.Cold  : . . .   Warding    : .   (no shield)
Life Prot.: . . .   Conserve   : .   (helmet restricted)
Res.Poison: .       Res.Corr.  : .   (no amulet)
Res.Elec. : .       Clarity    : .   (no ring)
Sust.Abil.: . .     Spirit.Shd : .   (no ring)
Res.Mut.  : .       Stasis     : .   (no ring)
Res.Rott. : .       Flight     : .   (no ring)
Saprovore : . . .                    (no ring)
                                     (no ring)
                                     (no ring)
                                     (no ring)

@: slightly resistant to hostile enchantments, very stealthy
A: almost no armour, amphibious, 8 rings, constrict 8, camouflage 1, AC +1
a: no special abilities


You were on level 4 of the Dungeon.
You were not hungry.

You visited 1 branch of the dungeon, and saw 4 of its levels.

You collected 18 gold pieces.

Inventory:

Hand weapons
 a - a +0,+0 short sword
 h - a +2,+4 whip (weapon)
Magical devices
 b - a wand of flame (9)
 c - a wand of enslavement (13)
 d - a wand of random effects (11)
 q - a wand of invisibility (3)
 u - a wand of fireball (2) {unknown}
Comestibles
 f - 2 bread rations
 g - 3 meat rations
 s - 2 rotting chunks of worker ant flesh
Scrolls
 i - a scroll of curse armour {unknown}
 j - 2 scrolls of identify {unknown}
 k - a scroll of fear {unknown}
 m - 2 scrolls of magic mapping {unknown}
 o - 2 scrolls of teleportation {unknown}
 p - 2 scrolls of recharging
Potions
 e - a potion of might {unknown}
 l - 2 potions of confusion {unknown}
 n - 2 potions of speed {unknown}
 r - a potion of agility {unknown}
 t - a potion of curing {unknown}


   Skills:
 - Level 1.0 Fighting
 - Level 1.0 Short Blades
 - Level 2.0 Dodging
 + Level 7.2 Stealth
 - Level 3.2 Evocations


You had 4 spell levels left.
You didn't know any spells.

Dungeon Overview and Level Annotations

Branches:
Dungeon (4/27)
 Temple: D:4-7

Altars:

Annotations:
D:4 Grinder


Innate Abilities, Weirdness & Mutations

You cannot wear most types of armour.
You are amphibious.
You can wear up to eight rings at the same time.
You can use your tentacles to constrict many enemies at once.
Your skin changes colour to match your surroundings (Stlth).
Your rubbery body absorbs attacks (AC +1).


Message History

The goblin hits you but does no damage.
Evoke which item? (* to show all) (? for menu, Esc to quit)
Zapping:
b - a wand of flame (11)
Press: ? - help, Shift-Dir - straight line, f/p - Grinder
Aim: Grinder (severely wounded, constricted by you)
The puff of flame misses Grinder.
This wand has 10 charges left.
You constrict Grinder. Grinder gestures at you. You resist.
The goblin hits you with an elven spear.
* * * LOW HITPOINT WARNING * * *
Unknown command.
Evoke which item? (* to show all) (? for menu, Esc to quit)
Zapping:
b - a wand of flame (10)
Press: ? - help, Shift-Dir - straight line, f/p - Grinder
Aim: Grinder (severely wounded, constricted by you)
The puff of flame hits Grinder.
Grinder is almost dead.
This wand has 9 charges left.
You constrict Grinder. Grinder hits you!
You die...

...≈≈≈≈≈.....≈≈≈.......
....≈≈≈≈≈....≈≈≈≈≈l )..
......≈≈≈.....≈≈≈≈≈. ..
..............≈≈≈≈≈. .
≈..............≈≈≈.
≈≈≈.................
≈≈≈......%..........
≈≈≈................ .
≈≈.......@5....... ...
.........g....... ≈≈≈...
......$......... ≈≈≈≈≈..
................
S≈≈≈≈≈..
.................≈≈≈≈≈..
............. ...≈≈≈...
..[...................
.....................
..........(.).....


You could see Grinder and a goblin.

Vanquished Creatures
  A worker ant (D:4)
  An adder (D:4)
  An ooze (D:2)
  An orc (D:3)
  3 bats (D:1)
  2 hobgoblins
  2 jackals (D:1)
  5 kobolds
  A ball python (D:2)
  A ball python skeleton (D:4)
  2 giant newts
  5 goblins
  7 rats
32 creatures vanquished.

Vanquished Creatures (collateral kills)
  Duvessa (D:4)
  Dowan (D:4)
2 creatures vanquished.

Grand Total: 34 creatures vanquished

Notes
Turn   | Place    | Note
--------------------------------------------------------------
     0 | D:1      | M4edhros, the Octopode Artificer, began the quest for the Orb.
     0 | D:1      | Reached XP level 1. HP: 14/14 MP: 1/1
   164 | D:1      | Reached XP level 2. HP: 17/19 MP: 3/3
   578 | D:2      | Reached skill level 4 in Stealth
   628 | D:3      | Reached XP level 3. HP: 10/24 MP: 4/4
   880 | D:4      | Noticed Duvessa
   977 | D:4      | Reached skill level 5 in Stealth
  1182 | D:4      | Noticed Grinder
  1202 | D:4      | Noticed Dowan
  1206 | D:4      | Killed Duvessa
  1206 | D:4      | Reached skill level 6 in Stealth
  1206 | D:4      | Reached XP level 4. HP: 29/29 MP: 6/6
  1206 | D:4      | Reached XP level 5. HP: 34/34 MP: 7/7
  1210 | D:4      | Reached skill level 7 in Stealth
  1211 | D:4      | Killed Dowan
  1221 | D:4      | Slain by Grinder

Action                   |  1- 3 |  4- 6 || total
-------------------------+-------+-------++-------
Melee: Short sword       |    16 |       ||    16
       Whip              |    41 |     3 ||    44
Evoke: Wand              |     5 |     8 ||    13
 Stab: Sleeping          |     5 |       ||     5
